 Dungeon Crawl Stone Soup version 0.29.0-13-gc9e81de378 (webtiles) character file.

Game seed: 2204144008497577818

106 Ofeo the Chiller (level 5, 0/38 HPs)
             Began as a Meteoran Ice Elementalist on Sept 9, 2022.
             Slain by an orc
             ... wielding a +0 dagger
              (2 damage)
             ... on level 4 of the Dungeon.
             The game lasted 00:03:35 (291 turns).

Ofeo the Chiller (Meteoran Ice Elementalist)         Turns: 291, Time: 00:03:35

Health: 0/38       AC:  9    Str:  9    XL:     5   Next: 32%
Magic:  11/11      EV: 17    Int: 19    God:
Gold:   44         SH:  0    Dex: 14    Spells: 10/11 levels left

rFire   . . .      SeeInvis .   f - +0 mace (protect)
rCold   . . .      Faith    .   (no shield)
rNeg    . . .      Spirit   .   a - +0 robe
rPois   .          Reflect  .   (no helmet)
rElec   .          Harm     .   (no cloak)
rCorr   .          Rampage  .   (no gloves)
Will    .....                   (no boots)
Stlth   +.........              (no amulet)
HPRegen 0.12/turn               c - +4 ring of evasion
MPRegen 0.12/turn               (no ring)

@: weak-willed, under a protective aura, glowing
A: sense surroundings 1, otherworldly, glowing, explore regen
a: no special abilities


You were on level 4 of the Dungeon.
You visited 1 branch of the dungeon, and saw 4 of its levels.

You collected 44 gold pieces.

Inventory:

Hand Weapons
 f - a +0 mace of protection (weapon)
Armour
 a - a +0 robe (worn)
Jewellery
 c - a +4 ring of evasion (left hand)


   Skills:
 + Level 3.6 Dodging
 + Level 2.2 Stealth
 + Level 3.7 Spellcasting
 + Level 5.0 Ice Magic


You had 10 spell levels left.
You knew the following spells:

 Your Spells              Type           Power      Damage    Failure   Level
a - Freeze                Ice            88%        1d10      1%          1

Your spell library contained the following spells:

 Spells                   Type           Power      Damage    Failure   Level
 Frozen Ramparts          Ice            44%        1d7       5%          3
 Ozocubu's Armour         Ice            22%        N/A       5%          3
 Hailstorm                Conj/Ice       13%        3d5       45%         4


Dungeon Overview and Level Annotations

Branches:
Dungeon (4/15) Zot: 2106
 Temple: D:4-7

Altars:


Innate Abilities, Weirdness & Mutations

You passively map a small area around you.
You are easily found by Zot.
You glow in the dark.
You regain HP and MP as you explore.


Message History

The magic dart hits you. The orc closely misses you. The orc misses you.
You take 5 damage, and have 13/38 hp.
You completely miss the orc.
The orc is almost dead.
The orc completely misses you. The orc hits you with a +0 dagger.
* * * LOW HITPOINT WARNING * * *
Something hits you.
* * * LOW HITPOINT WARNING * * *
You take 4 damage, and have 9/38 hp.
You barely miss the orc.
The orc is almost dead.
The orc hits you but does no damage. The orc completely misses you.
Something closely misses you. Something hits you.
* * * LOW HITPOINT WARNING * * *
The orc hits you with a +0 hand axe.
* * * LOW HITPOINT WARNING * * *
The orc hits you with a +0 dagger.
* * * LOW HITPOINT WARNING * * *
You take 7 damage, and have 2/38 hp.
You hit the orc.
Your weapon exudes an aura of protection.
You kill the orc!
Something hits you but does no damage. The orc misses you.
Casting: Freeze (safe; 1% risk of failure)
Confirm with . or Enter, or press ? or * to list all spells.
Aiming: Freeze (safe; 1% risk of failure)
Press: ? - help, Shift-Dir - straight line You freeze something!
You hear some strange, mumbled words.
Something tries to affect you, but you resist.
The orc completely misses you.
You now have 0/11 mp.
Casting: Freeze (safe; 1% risk of failure)
Confirm with . or Enter, or press ? or * to list all spells.
You don't have enough magic to cast this spell.
You hit the orc.
The orc is moderately wounded.
The orc closely misses you. Magic courses through your body.
The orc hits you with a +0 dagger.
You die...

## ,,.. * , #. ,
*#. ** #.* ####
#o##########
#...
#{@ooO..†.)#
#..) *
##########†###
#... , ,
............#
#... * *
##........###...
*
*#.....<........
* , ,
####.#'####....
#.#'####.... , ,
,, #.....O.....
#.......o...


You could see an ogre (weak-willed), an orc wizard and 2 orcs.

Vanquished Creatures
  An orc priest (D:4)
  An iguana (D:4)
  An adder (D:2)
  2 dart slugs
  7 orcs (D:4)
  6 ball pythons
  3 bats
  2 endoplasms (D:1)
  A giant cockroach (D:2)
  3 hobgoblins
  2 kobolds (D:1)
  A quokka (D:2)
  A rat (D:3)
31 creatures vanquished.

Notes
Turn   | Place    | Note
-------+----------+-------------------------------------------
     0 | D:1      | Ofeo the Meteoran Ice Elementalist began the quest for the
                  | Orb.
     0 | D:1      | Reached XP level 1. HP: 14/14 MP: 5/5
    57 | D:1      | Reached XP level 2. HP: 16/20 MP: 2/6
    62 | D:1      | Found a faded altar of an unknown god.
   142 | D:2      | Reached XP level 3. HP: 22/26 MP: 4/8
   212 | D:3      | Noticed an ice beast
   240 | D:4      | Reached XP level 4. HP: 28/33 MP: 6/9
   240 | D:4      | Noticed an ogre
   284 | D:4      | Reached skill level 5 in Ice Magic
   284 | D:4      | Reached XP level 5. HP: 19/38 MP: 1/11
   291 | D:4      | Slain by an orc

Illustrated notes

Levels and vault maps discovered:
D:1:      dpeg_arrival_more_subterranean_lakeside_camping, layout_basic,
          dreamdust_ecumenical_altar_statues
D:2:      layout_basic, basic_altar
D:3:      layout_rooms, zin_angel, nicolae_overflow_crystal_walls, serial_shops,
          shop, shop, shop, shop_coins
D:4:      layout_basic, dk_rats_in_the_wall

Skill      XL: |  1  2  3  4 |
---------------+-------------+-----
Spellcasting   | 3 |  3.7
Dodging        | 3 |  3.6
Stealth        | 2 |  2.2
Ice Magic      | 5 |  5.0

Action                   |  1- 3 |  4- 6 || total
-------------------------+-------+-------++-------
Melee: Unarmed           |     1 |       ||     1
       Mace              |       |     6 ||     6
 Cast: Freeze            |    38 |    15 ||    53
  Use: Potion            |       |     2 ||     2
       Scroll            |       |     1 ||     1
Armor: Robe              |     7 |     8 ||    15
Dodge: Dodged            |    25 |    24 ||    49
